 Dungeon Crawl Stone Soup version 0.22-a0-458-gb446440 (webtiles) character file.

62 Galder the Magician (level 3, 0/19 HPs)
             Began as a Deep Elf Wizard on June 8, 2018.
             Slain by a goblin (3 damage)
             ... led by Robin
             ... on level 2 of the Dungeon.
             The game lasted 00:07:23 (1218 turns).

Galder the Magician (Deep Elf Wizard)               Turns: 1218, Time: 00:07:24

Health: 0/19       AC:  4    Str:  5    XL:     3   Next: 85%
Magic:  3/11       EV: 13    Int: 22    God:
Gold:   61         SH:  0    Dex: 13    Spells: 9/12 levels left

rFire    . . .     SeeInvis .   m - +0 short sword
rCold    . . .     Gourm    .   (no shield)
rNeg     . . .     Faith    .   a - +0 robe
rPois    .         Spirit   .   b - +0 hat
rElec    .         Reflect  .   p - +0 cloak
rCorr    .         Harm     .   k - +0 pair of gloves
MR       .....                  (no boots)
Stlth    ++........             (no amulet)
HPRegen  0.06/turn              (no ring)
MPRegen  0.12/turn              (no ring)

@: no status effects
A: no striking features
a: no special abilities


You were on level 2 of the Dungeon.
You were not hungry.

You visited 1 branch of the dungeon, and saw 2 of its levels.

You collected 61 gold pieces.

Inventory:

Hand Weapons
 m - a +0 short sword (weapon)
Missiles
 c - 56 stones (quivered)
Armour
 a - a +0 robe (worn)
 b - a +0 hat (worn)
 k - a +0 pair of gloves (worn)
 p - a +0 cloak (worn)
Scrolls
 e - 2 scrolls of identify {unknown}
 f - 2 scrolls of amnesia {unknown}
 h - a scroll of enchant weapon {unknown}
 j - a scroll of teleportation {unknown}
 l - a scroll of enchant armour {unknown}
 n - a scroll of remove curse {unknown}
Potions
 g - a potion of haste {unknown}
 i - a potion of degeneration {unknown}
 o - a potion of heal wounds {unknown}
Comestibles
 d - 3 rations
 q - 4 chunks of flesh


   Skills:
 + Level 3.3 Dodging
 + Level 3.4 Stealth
 + Level 5.1 Spellcasting
 + Level 2.1 Conjurations
   Level 1.1 Summonings
 - Level 1.1 Translocations


You had 9 spell levels left.
You knew the following spells:

 Your Spells              Type           Power        Failure   Level  Hunger
a - Magic Dart            Conj           ##..         4%          1    None
b - Blink                 Tloc           N/A          10%         2    None

Your spell library contained the following spells:

 Spells                   Type           Power        Failure   Level  Hunger
 Conjure Flame            Conj/Fire      ##......     19%         3    ##.....
 Slow                     Hex            #.......     16%         2    None
 Mephitic Cloud           Conj/Pois/Air  #.......     22%         3    ##.....
 Call Imp                 Summ           ##......     10%         2    None


Dungeon Overview and Level Annotations

Branches:
Dungeon (2/15)

Altars:

Annotations:
D:2 Robin


Message History

The goblin shouts!
Robin hits you from afar with a trident.
Casting: Magic Dart (safe; 4% risk of failure)
Confirm with . or Enter, or press ? or * to list all spells.
Aiming: Magic Dart (safe; 4% risk of failure)
Press: ? - help, Shift-Dir - straight line, f/p - Robin
Aim: Robin, wielding a trident, wearing an animal skin and wearing a helmet (lightly wounded)
The magic dart hits Robin.
Robin is moderately wounded.
Robin hits you from afar with a trident.
A goblin comes into view. It is wielding a dagger.
You see here a club.
Robin hits you from afar with a trident.
* * * LOW HITPOINT WARNING * * *
The goblin no longer looks unusually strong.
Robin roars a battlecry!
Robin throws the goblin at you!
* * * LOW HITPOINT WARNING * * *
The goblin hits you.
You die...

#.# #.g..)..# #.#
######.####### #.#
#...##.# #.# #...##g#
#.# #...##g###########
#.# #................#
#.# #.........)......#
##.###................#
#....g@...)...........#
######................#
#................#
#................#
#................#
#...##############
#...# #####


You could see Robin and a goblin.

Vanquished Creatures
  2 oozes (D:1)
  2 dart slugs (D:1)
  3 leopard geckos (D:1)
  3 giant cockroaches (D:1)
  10 goblins
  8 hobgoblins
  5 bats
  3 frilled lizards
  4 kobolds (D:1)
  2 rats (D:1)
42 creatures vanquished.

Notes
Turn   | Place    | Note
-------+----------+-------------------------------------------
     0 | D:1      | Galder the Deep Elf Wizard began the quest for the Orb.
     0 | D:1      | Reached XP level 1. HP: 10/10 MP: 7/7
   165 | D:1      | Reached XP level 2. HP: 15/15 MP: 6/9
   169 | D:1      | Learned a level 2 spell: Blink
   576 | D:1      | Reached XP level 3. HP: 19/19 MP: 6/11
   684 | D:1      | Reached skill level 5 in Spellcasting
  1074 | D:2      | Noticed Robin
  1218 | D:2      | Slain by a goblin

Vault maps used:
D:1:      dpeg_arrival_simpleton_a
D:2:      led_sif_pool, first_ration, uniq_robin

Skill      XL: |  1  2  3 |
---------------+----------+-----
Stealth        | 3 |  3.4
Dodging        | 3 |  3.3
Spellcasting   | 5 |  5.1
Conjurations   | 2 |  2.1
Summonings     | |  1.1
Translocations | |  1.1

Action                   || total
-------------------------++-------
 Cast: Magic Dart        ||    93
  Eat: Chunk             ||     1
Armor: Robe              ||     1
Dodge: Dodged            ||    10

Table legend:
 A = Spawn XP
 B = Non-spawn XP
 C = Spawn XP percentage of total XP
 D = Spawn monster count
 E = Non-spawn monster count
 F = Spawn count percentage of total count
 G = Total turns spent on level
                    A         B        C        D         E        F      G
               +---------+---------+-------+---------+---------+-------+---------
         Total |       0 |      89 |   0.0 |       0 |      42 |   0.0 |  1218
               +---------+---------+-------+---------+---------+-------+---------
           D:1 |       0 |      61 |   0.0 |       0 |      27 |   0.0 |   922
           D:2 |       0 |      28 |   0.0 |       0 |      15 |   0.0 |   296
               +---------+---------+-------+---------+---------+-------+---------
